 Dungeon Crawl Stone Soup version 0.21.1-1-g345015f (webtiles) character file.

86 Kagorn the Skirmisher (level 4, 0/29 HPs)
             Began as a Gargoyle Fighter on June 13, 2018.
             Slain by a gnoll
             ... wielding a +4 flail
              (6 damage)
             ... on level 2 of the Dungeon.
             The game lasted 00:08:28 (1696 turns).

Kagorn the Skirmisher (Gargoyle Fighter)            Turns: 1696, Time: 00:08:29

Health: 0/29       AC: 10    Str: 19    XL:     4   Next: 50%
Magic:  4/4        EV:  7    Int:  9    God:
Gold:   116        SH: 10    Dex: 10    Spells: 3/3 levels left

rFire    . . .     SeeInvis .   a - +0 war axe
rCold    . . .     Gourm    .   c - +1 shield
rNeg     + . .     Faith    .   b - +0 scale mail
rPois    ∞         Spirit   .   (no helmet)
rElec    +         Reflect  .   (no cloak)
rCorr    .         Harm     .   (no gloves)
MR       .....                  (no boots)
Stlth    +.........             (no amulet)
HPRegen  0.09/turn              (no ring)
MPRegen  0.09/turn              i - ring of stealth

@: no status effects
A: negative energy resistance 1, electricity resistance, unbreathing,
petrification resistance, rot immunity, AC +3
a: no special abilities


You were on level 2 of the Dungeon.
You were not hungry.

You visited 1 branch of the dungeon, and saw 2 of its levels.

You collected 116 gold pieces.

Inventory:

Hand Weapons
 a - a +0 war axe (weapon)
Armour
 b - a +0 scale mail (worn)
 c - a +1 shield (worn)
Jewellery
 i - a ring of stealth (right hand)
Wands
 n - a wand of acid (7)
Scrolls
 h - 2 scrolls of identify
 j - 2 scrolls of teleportation {unknown}
 l - a scroll of enchant armour
 m - a scroll of magic mapping {unknown}
Potions
 d - a potion of might
 g - a potion of flight {unknown}
 k - a potion of mutation {unknown}
 o - a potion of brilliance {unknown}
Comestibles
 f - 3 rations


   Skills:
 * Level 4.1 Fighting
 * Level 2.7 Axes
 + Level 3.5 Armour
 + Level 0.6 Dodging
 + Level 1.3 Stealth
 + Level 3.6 Shields


You had 3 spell levels left.
You didn't know any spells.

Dungeon Overview and Level Annotations

Branches:
Dungeon (2/15)

Altars:


Innate Abilities, Weirdness & Mutations

You are resistant to torment.
Your stone body is resilient. (AC +3)
You are immune to poison.
You resist negative energy. (rN+)
You are resistant to electric shocks. (rElec)
You can survive without breathing.
You are immune to petrification.
You are immune to rotting.


Message History

The gnoll is heavily wounded.
You block the gnoll's attack.
The gnoll hits you with an enchanted flail.
* * * LOW HITPOINT WARNING * * *
You block the gnoll's attack.
It was a potion of curing.
You feel better.
The gnoll hits you with an enchanted flail!
* * * LOW HITPOINT WARNING * * *
The gnoll hits you but does no damage.
You feel better. The gnoll barely misses you. x2
You hit the gnoll but do no damage.
The gnoll is heavily wounded.
The gnoll hits you with an enchanted flail.
* * * LOW HITPOINT WARNING * * *
You block the gnoll's attack.
You closely miss the gnoll.
The gnoll is heavily wounded.
The gnoll hits you but does no damage.
The gnoll hits you with an enchanted flail.
You die...

### #.# #######.#
#.......# #.#####.# #.#
#.# ##### #.# #.# ....#
#.#####.#####
###.######.#....@gg..###
...........#.###.#.....#
###.########.###.#.#.#.#
#.##.........#.#.#.# #
#.##.#####.#.#.#.#.#
###.##.......#...#.#.#
.......#.......#...#g#
....÷..###.#.###.###g#
.................# .#


You could see 2 gnolls.

Vanquished Creatures
  2 gnolls (D:2)
  2 adders (D:2)
  An ooze (D:1)
  A leopard gecko (D:1)
  6 bats
  5 giant cockroaches
  7 goblins
  7 hobgoblins
  3 jackals (D:2)
  3 frilled lizards (D:1)
  4 kobolds
  4 rats
45 creatures vanquished.

Notes
Turn   | Place    | Note
-------+----------+-------------------------------------------
     0 | D:1      | Kagorn the Gargoyle Fighter began the quest for the Orb.
     0 | D:1      | Reached XP level 1. HP: 14/14 MP: 1/1
    98 | D:1      | Reached XP level 2. HP: 8/19 MP: 2/2
   673 | D:1      | Reached XP level 3. HP: 23/24 MP: 3/3
  1268 | D:2      | Reached skill level 1 in Stealth
  1391 | D:2      | Reached skill level 4 in Fighting
  1391 | D:2      | Reached XP level 4. HP: 27/29 MP: 4/4
  1692 | D:2      | HP: 1/29 [gnoll/enchanted flail (5)]
  1696 | D:2      | Slain by a gnoll

Skill      XL: |  1  2  3 |
---------------+----------+-----
Axes           | 2 |  2.7
Stealth        | 1 |  1.3
Fighting       | 4 |  4.1
Armour         | |  3.5
Dodging        | |  0.6
Shields        | |  3.6

Action                   |  1- 3 |  4- 6 || total
-------------------------+-------+-------++-------
Melee: War axe           |   154 |    20 ||   174
  Use: Scroll            |     3 |       ||     3
       Potion            |       |     2 ||     2
  Eat: Ration            |     1 |       ||     1
Armor: Scale mail        |    88 |    15 ||   103
Dodge: Dodged            |    53 |     6 ||    59
Block: Shield            |    92 |    14 ||   106
